 Dungeon Crawl Stone Soup version 0.20.1-1-g8b1a95d (webtiles) character file.

350 Mojopoop the Skirmisher (level 6, 0/48 HPs)
             Began as a Human Wanderer on Dec 3, 2017.
             Slain by Duvessa
             ... wielding a +2 short sword of venom
              (3 damage)
             ... on level 4 of the Dungeon.
             The game lasted 00:14:03 (3188 turns).

Mojopoop the Skirmisher (Human Wanderer)            Turns: 3188, Time: 00:14:04

Health: 0/48       AC:  9    Str: 13      XL:     6   Next: 92%
Magic:  9/9        EV: 11    Int: 12      God:
Gold:   104        SH:  0    Dex: 13 (14) Spells: 8/10 levels left

rFire    . . .     SeeInvis .   n - +0 hand axe (flame)
rCold    . . .     Gourm    .   (no shield)
rNeg     . . .     Faith    .   h - +4 ring mail
rPois    .         Spirit   .   (no helmet)
rElec    .         Reflect  .   (no cloak)
rCorr    .         Harm     .   (no gloves)
MR       +....                  (no boots)
Stlth    +++.......             (no amulet)
Regen    0.2/turn               (no ring)
MPRegen  0.2/turn               (no ring)

@: lethally poisoned (0 -> -25)
A: talons 1, camouflage 1, magic resistance 1
a: no special abilities


You were on level 4 of the Dungeon.
You were not hungry.

You visited 1 branch of the dungeon, and saw 4 of its levels.

You collected 104 gold pieces.

Inventory:

Hand Weapons
 a - a +2 dagger
 e - a +0 whip
 n - a +0 hand axe of flaming (weapon)
Armour
 d - a +0 robe
 h - a +4 ring mail (worn)
Wands
 g - a wand of polymorph (0/24)
Scrolls
 m - a scroll of remove curse
Potions
 b - a potion of heal wounds
 k - a potion of might
 l - a potion of haste
 p - a potion of curing
Books
 c - the Volume of the Birds

   Spells                             Type                      Level
   a - Swiftness                      Charms/Air                   2
   b - Poisonous Vapours              Poison/Air                   2
 j - a book of Misfortune

   Spells                             Type                      Level
   a - Confusing Touch                Hexes                        1
   b - Confuse                        Hexes                        3
   c - Gell's Gravitas                Translocation                3
   d - Petrify                        Transmutation/Earth          4
   e - Metabolic Englaciation         Hexes/Ice                    5
   f - Yara's Violent Unravelling     Hexes/Transmutation          5
Comestibles
 f - a royal jelly


   Skills:
 + Level 3.8 Fighting
 * Level 2.2(2.7) Axes
 - Level 2.1(2.6) Maces & Flails
 + Level 3.0 Armour
 - Level 2.0 Dodging
 + Level 3.1 Stealth
 * Level 2.5 Spellcasting
 - Level 1.0 Charms
   Level 1.0 Necromancy


You had 8 spell levels left.
You knew the following spells:

 Your Spells              Type           Power        Failure   Level  Hunger
a - Swiftness             Chrm/Air       #.......     54%         2    ###....


Dungeon Overview and Level Annotations

Branches:
Dungeon (4/15)
 Temple: D:4-7

Altars:
Nemelex Xobeh

Annotations:
D:4 Duvessa


Innate Abilities, Weirdness & Mutations

You have sharp toenails.
Your skin changes colour to match your surroundings (Stealth+).
You are resistant to hostile enchantments. (MR+)


Message History

Duvessa is lightly wounded.
You feel sick.
Duvessa hits you with a short sword of venom.
You are more poisoned.
Duvessa hits you but does no damage.
You completely miss Duvessa.
Duvessa is lightly wounded.
You feel sick.
Duvessa hits you with a short sword of venom!
* * * LOW HITPOINT WARNING * * *
Duvessa hits you with a short sword of venom.
* * * LOW HITPOINT WARNING * * *
You are more poisoned.
* * * LOW HITPOINT WARNING * * *
You feel sick.
* * * LOW HITPOINT WARNING * * *
You feel sick.
The hound pauses to sniff the ground.
Duvessa hits you with a short sword of venom.
You die...

#.# #.# #.# #l#
#.# #)# #h# #e#
#@## #..#
##########.#
.#####.......##.#
..........[.....#
.............##.#
#####.......####
###..†....#
######.........#


You could see Duvessa (berserk), a hound and a frilled lizard.

Vanquished Creatures
  Grinder (D:3)
  Dowan (D:4)
  An orc priest (D:3)
  A worm (D:2)
  2 dart slugs
  2 leopard geckos (D:1)
  3 orcs (D:3)
  A ball python (D:4)
  6 giant cockroaches
  5 goblins
  2 hobgoblins
  8 jackals
  A quokka (D:2)
  5 bats
  8 frilled lizards
  8 kobolds
  6 rats
61 creatures vanquished.

Notes
Turn   | Place    | Note
-------+----------+-------------------------------------------
     0 | D:1      | Mojopoop the Human Wanderer began the quest for the Orb.
     0 | D:1      | Mojopoop set off with: a +2 dagger, a potion of heal wounds, the Volume of the Birds, a +0 robe, a bread ration
     0 | D:1      | Reached XP level 1. HP: 18/18 MP: 2/2
   172 | D:1      | Reached skill level 1 in Dodging
   172 | D:1      | Reached XP level 2. HP: 21/24 MP: 3/3
   187 | D:1      | Reached skill level 1 in Maces & Flails
   226 | D:1      | Identified the Volume of the Birds
   229 | D:1      | Learned a level 2 spell: Swiftness
   351 | D:1      | Reached XP level 3. HP: 24/29 MP: 4/4
   843 | D:1      | You fall through a shaft!
  1091 | D:2      | Reached XP level 4. HP: 28/35 MP: 5/5
  1115 | D:2      | Gained mutation: You have sharp toenails. [potion of mutation]
  1115 | D:2      | Gained mutation: Your skin changes colour to match your surroundings (Stealth+). [potion of mutation]
  1115 | D:2      | Gained mutation: You are resistant to hostile enchantments. (MR+) [potion of mutation]
  1368 | D:3      | Found a sparkling altar of Nemelex Xobeh.
  1913 | D:3      | Noticed Grinder
  2049 | D:3      | Reached XP level 5. HP: 41/41 MP: 7/7
  2258 | D:3      | Paralysed by Grinder for 2 turns
  2583 | D:3      | Paralysed by Grinder for 7 turns
  2829 | D:3      | Paralysed by Grinder for 3 turns
  2839 | D:3      | Killed Grinder
  2839 | D:3      | Reached XP level 6. HP: 9/48 MP: 7/9
  3167 | D:4      | Noticed Dowan
  3169 | D:4      | Noticed Duvessa
  3181 | D:4      | Killed Dowan
  3188 | D:4      | Slain by Duvessa

Skill      XL: |  1  2  3  4  5  6 |
---------------+-------------------+-----
Dodging        | 1 2 |  2.0
Maces & Flails | 1 2 |  2.1
Axes           | 2 |  2.2
Stealth        | 3 |  3.1
Spellcasting   | 2 |  2.5
Armour         | 3 |  3.0
Fighting       | |  3.8
Charms         | |  1.0
Necromancy     | |  1.0

Action                   |  1- 3 |  4- 6 || total
-------------------------+-------+-------++-------
Melee: Whip              |   143 |    30 ||   173
       Hand axe          |       |    74 ||    74
       Kick              |       |    13 ||    13
       Unarmed           |       |    12 ||    12
  Use: Scroll            |     4 |    12 ||    16
       Potion            |     2 |     2 ||     4
 Stab: Sleeping          |     1 |     9 ||    10
  Eat: Bread ration      |     1 |       ||     1
       Meat ration       |       |     1 ||     1
Armor: Ring mail         |    43 |    43 ||    86
Dodge: Dodged            |    85 |    52 ||   137
